IL
DURHAM BULLS @ SALT LAKE BEES
05/13/2048
 
TOP OF THE 1ST
Durham Bulls batting - Pitching for Salt Lake Bees : RHP Allen Weaver
Pitching: RHP Allen Weaver
Batting: RHB Jonathan Fraire 0-0: SINGLE (Groundball, 4MD, EV 103.8 MPH)
Batting: RHB Danny Diaz 0-0: Called Strike
0-1: Called Strike
0-2: Strikes out looking
Batting: LHB Davion Lewis 0-0: Ball
1-0: Called Strike
1-1: Ball
2-1: Called Strike
2-2: Ball
3-2: Foul Ball, location: 2F
3-2: SINGLE (Line Drive, 89M, EV 92.5 MPH)
Jonathan Fraire to second
Runner from 2nd tries for 3rd, OUT! 9-5
Davion Lewis to second
Batting: RHB David Ward 0-0: Ball
1-0: Called Strike
1-1: Ball
2-1: Swinging Strike
2-2: Foul Ball, location: 2F
2-2: Foul Ball, location: 2F
2-2: Foul Ball, location: 2F
2-2: Ball
3-2: Fly out, F7 (Flyball, 7LM, EV 93.8 MPH)
Top of the 1st over - 0 runs, 2 hits, 0 errors, 1 left on base; Durham 0 - Salt Lake 0
BOTTOM OF THE 1ST
Salt Lake Bees batting - Pitching for Durham Bulls : RHP Chet Tague
Pitching: RHP Chet Tague
Batting: LHB Justin Alexander 0-0: Ball
1-0: Fly out, F7 (Flyball, 78M, EV 73.1 MPH)
Batting: LHB Jonathon Walton 0-0: Ball
1-0: Swinging Strike
1-1: Foul Ball, location: 2F
1-2: Foul Ball, location: 2F
1-2: Strikes out swinging
Batting: RHB Ryan Munro 0-0: Called Strike
0-1: Foul Ball, location: 2F
0-2: Foul Ball, location: 2F
0-2: Ball
1-2: Ball
2-2: Ball
3-2: Fly out, F9 (Line Drive, 9S, EV 93.1 MPH)
Bottom of the 1st over - 0 runs, 0 hits, 0 errors, 0 left on base; Durham 0 - Salt Lake 0
TOP OF THE 2ND
Durham Bulls batting - Pitching for Salt Lake Bees : RHP Allen Weaver
Batting: LHB Jake Rheaume 0-0: Called Strike
0-1: Ball
1-1: Ball
2-1: Foul Ball, location: 2F
2-2: SINGLE (Groundball, 56D, EV 85.6 MPH) (infield hit)
Batting: RHB Sesto Carpini 0-0: Called Strike
0-1: Ball
1-1: Called Strike
1-2: Strikes out swinging
Batting: RHB Jose Arriola 0-0: Ball
1-0: Fly out, F8 (Line Drive, 8LM, EV 85.0 MPH)
Batting: RHB Kevin Benfield 0-0: Ball
1-0: Foul Ball, location: 2F
1-1: Foul Ball, location: 2F
1-2: Strikes out swinging
Top of the 2nd over - 0 runs, 1 hit, 0 errors, 1 left on base; Durham 0 - Salt Lake 0
BOTTOM OF THE 2ND
Salt Lake Bees batting - Pitching for Durham Bulls : RHP Chet Tague
Batting: LHB Brett Bugge 0-0: Called Strike
0-1: Ball
1-1: Foul Ball, location: 2F
1-2: SINGLE (Groundball, 4MD, EV 102.5 MPH)
Batting: LHB James McCauley 0-0: Ball
1-0: Called Strike
1-1: Fly out, F7 (Flyball, 7, EV 93.1 MPH)
Batting: RHB Melvin Gomez 0-0: Ball
1-0: Called Strike
1-1: Foul Ball, location: 2F
1-2: Reached on error, E6 (Groundball, 6S, EV 86.2 MPH)
Brett Bugge to second
Batting: RHB Brandon Davis 0-0: Called Strike
0-1: Ball
1-1: Ball
2-1: Swinging Strike
2-2: Ball
3-2: Strikes out swinging
Batting: RHB Josh Faulconer 0-0: Ball
1-0: Ball
2-0: Called Strike
2-1: Swinging Strike
2-2: Ball
3-2: Base on Balls
Brett Bugge to third
Melvin Gomez to second
Batting: RHB Juan Rosa 0-0: Called Strike
0-1: DOUBLE (Line Drive, 9LD, EV 110.6 MPH)
Brett Bugge scores
Melvin Gomez scores
Josh Faulconer to third
Batting: LHB Justin Alexander 0-0: Called Strike
0-1: Hit by Pitch
Batting: LHB Jonathon Walton 0-0: Ball
1-0: Fielders Choice at 2nd, U4 (Groundball, 4M, EV 91.2 MPH)
Bottom of the 2nd over - 2 runs, 2 hits, 1 error, 3 left on base; Durham 0 - Salt Lake 2
TOP OF THE 3RD
Durham Bulls batting - Pitching for Salt Lake Bees : RHP Allen Weaver
Batting: RHB John Downing 0-0: Ball
1-0: Reached on error, E5 (Groundball, 56S, EV 84.4 MPH)
Batting: RHB Jonathan Fraire 0-0: Ball
1-0: Foul Ball, location: 2F
1-1: Called Strike
1-2: SINGLE (Line Drive, 56D, EV 99.4 MPH)
John Downing to second
Batting: RHB Danny Diaz 0-0: Called Strike
0-1: Called Strike
0-2: Strikes out swinging
Batting: LHB Davion Lewis 0-0: Called Strike
0-1: Ball
1-1: Ball
2-1: SINGLE (Groundball, 34D, EV 105.0 MPH)
John Downing to third
Jonathan Fraire to second
Runner from 3rd tries for Home, SAFE, throw by RF to home
Batting: RHB David Ward 0-0: Ball
Jonathan Fraire steals 3rd base (no throw)
Davion Lewis to second
1-0: Swinging Strike
1-1: Fly out, F7 (Flyball, 7, EV 90.0 MPH)
Runner from 3rd tags up, SCORES, throw by LF
Batting: LHB Jake Rheaume 0-0: Ball
1-0: Ball
2-0: Ball
3-0: Base on Balls
Batting: RHB Sesto Carpini 0-0: Ball
1-0: Ball
2-0: Ball
3-0: Ground out 1-3 (Groundball, 13S, EV 63.1 MPH)
Top of the 3rd over - 2 runs, 2 hits, 1 error, 2 left on base; Durham 2 - Salt Lake 2
BOTTOM OF THE 3RD
Salt Lake Bees batting - Pitching for Durham Bulls : RHP Chet Tague
Pitching: RHP Kyle Thomas
Batting: RHB Ryan Munro 0-0: Called Strike
0-1: Foul Ball, location: 2F
0-2: Ball
1-2: Foul Ball, location: 2F
1-2: Ground out 4-3 (Groundball, 4, EV 108.8 MPH)
Batting: LHB Brett Bugge 0-0: Swinging Strike
0-1: Ball
1-1: Foul Ball, location: 2F
1-2: Strikes out swinging
Batting: LHB James McCauley 0-0: Called Strike
0-1: Ball
1-1: Foul Ball, location: 2F
1-2: Ball
2-2: Ball
3-2: Foul Ball, location: 2F
3-2: Base on Balls
Batting: RHB Melvin Gomez 0-0: Ball
1-0: Foul Ball, location: 2F
1-1: Ball
James McCauley is caught stealing 2nd base 2-4
Bottom of the 3rd over - 0 runs, 0 hits, 0 errors, 0 left on base; Durham 2 - Salt Lake 2
TOP OF THE 4TH
Durham Bulls batting - Pitching for Salt Lake Bees : RHP Allen Weaver
Batting: RHB Jose Arriola 0-0: Ball
1-0: Ground out 4-3 (Groundball, 34, EV 99.4 MPH)
Batting: RHB Kevin Benfield 0-0: Fly out, F4 (Popup, 4M, EV 73.8 MPH)
Batting: RHB John Downing 0-0: Called Strike
0-1: Ball
1-1: Ball
2-1: Ball
3-1: Base on Balls
Batting: RHB Jonathan Fraire 0-0: Ball
1-0: Ball
2-0: Ball
3-0: Base on Balls
John Downing to second
Batting: RHB Danny Diaz 0-0: SINGLE (Groundball, 56D, EV 98.1 MPH)
John Downing to third
Jonathan Fraire to second
Runner from 3rd tries for Home, SAFE, throw by LF to home
Batting: LHB Davion Lewis 0-0: Ball
1-0: Called Strike
1-1: Foul Ball, location: 2F
1-2: Strikes out swinging
Top of the 4th over - 1 run, 1 hit, 0 errors, 2 left on base; Durham 3 - Salt Lake 2
BOTTOM OF THE 4TH
Salt Lake Bees batting - Pitching for Durham Bulls : RHP Kyle Thomas
Batting: RHB Melvin Gomez 0-0: Ball
1-0: Ball
2-0: Ball
3-0: Base on Balls
Batting: RHB Brandon Davis 0-0: Ball
1-0: Ball
2-0: Called Strike
2-1: Foul Ball, location: 2F
2-2: Strikes out swinging
Batting: RHB Josh Faulconer 0-0: Foul Ball, location: 2F
0-1: Foul Ball, location: 2F
0-2: Ball
1-2: Foul Ball, location: 2F
1-2: Strikes out swinging
Batting: RHB Juan Rosa 0-0: Swinging Strike
0-1: Ball
1-1: Ball
2-1: Foul Ball, location: 2F
2-2: Strikes out looking
Bottom of the 4th over - 0 runs, 0 hits, 0 errors, 1 left on base; Durham 3 - Salt Lake 2
TOP OF THE 5TH
Durham Bulls batting - Pitching for Salt Lake Bees : RHP Allen Weaver
Pitching: RHP Andrew Tipton
Batting: RHB David Ward 0-0: Called Strike
0-1: SOLO HOME RUN (Line Drive, 7D, EV 103.1 MPH), Distance : 388 ft
Batting: LHB Jake Rheaume 0-0: Fly out, F7 (Flyball, 7, EV 79.4 MPH)
Batting: RHB Sesto Carpini 0-0: Ball
1-0: Foul Ball, location: 2F
1-1: SINGLE (Groundball, 6M, EV 103.8 MPH) (infield hit)
Batting: RHB Jose Arriola 0-0: Ball
1-0: Ball
2-0: Swinging Strike
2-1: Ball
3-1: Foul Ball, location: 2F
3-2: Strikes out swinging
Sesto Carpini is caught stealing 2nd base 2-4
Batter strikes out.
Top of the 5th over - 1 run, 2 hits, 0 errors, 0 left on base; Durham 4 - Salt Lake 2
BOTTOM OF THE 5TH
Salt Lake Bees batting - Pitching for Durham Bulls : RHP Kyle Thomas
Batting: LHB Justin Alexander 0-0: Called Strike
0-1: Foul Ball, location: 2F
0-2: Ball
1-2: Ball
2-2: Ball
3-2: Foul Ball, location: 2F
3-2: Strikes out swinging
Batting: LHB Jonathon Walton 0-0: Ball
1-0: Ball
2-0: Ball
3-0: Base on Balls
Batting: RHB Ryan Munro 0-0: Grounds into double play, 1-6-3 (Groundball, 13S, EV 72.5 MPH)
Bottom of the 5th over - 0 runs, 0 hits, 0 errors, 0 left on base; Durham 4 - Salt Lake 2
TOP OF THE 6TH
Durham Bulls batting - Pitching for Salt Lake Bees : RHP Andrew Tipton
Batting: RHB Kevin Benfield 0-0: Ball
1-0: Ball
2-0: SOLO HOME RUN (Flyball, 9D, EV 100.0 MPH), Distance : 375 ft
Batting: RHB John Downing 0-0: SINGLE (Line Drive, 9S, EV 98.8 MPH)
Batting: RHB Jonathan Fraire 0-0: Ball
1-0: Called Strike
1-1: SINGLE (Groundball, 5S, EV 68.1 MPH) (infield hit)
John Downing to second
Batting: RHB Danny Diaz 0-0: Ball
1-0: Ball
2-0: Foul Ball, location: 2F
2-1: Foul Ball, location: 2F
2-2: Foul Ball, location: 2F
2-2: SINGLE (Line Drive, 78M, EV 101.9 MPH)
John Downing to third
Jonathan Fraire to second
Batting: LHB Davion Lewis 0-0: Ball
1-0: Called Strike
1-1: Fly out, F8 (Flyball, 89S, EV 91.9 MPH)
Batting: RHB David Ward 0-0: Foul Ball, location: 2F
0-1: Ball
1-1: Called Strike
1-2: Strikes out looking
Batting: LHB Jake Rheaume 0-0: Ball
1-0: Swinging Strike
1-1: Ball
2-1: Ground out 1-3 (Groundball, 13S, EV 68.1 MPH)
Top of the 6th over - 1 run, 4 hits, 0 errors, 3 left on base; Durham 5 - Salt Lake 2
BOTTOM OF THE 6TH
Salt Lake Bees batting - Pitching for Durham Bulls : RHP Kyle Thomas
Batting: LHB Brett Bugge 0-0: Fly out, F9 (Flyball, 9, EV 88.8 MPH)
Batting: LHB James McCauley 0-0: Called Strike
0-1: Ball
1-1: Foul Ball, location: 2F
1-2: Foul Ball, location: 2F
1-2: Foul Ball, location: 2F
1-2: Ball
2-2: Strikes out swinging
Batting: RHB Melvin Gomez 0-0: Foul Ball, location: 2F
0-1: Ball
1-1: Ball
2-1: Fly out, F9 (Flyball, 9, EV 97.5 MPH)
Bottom of the 6th over - 0 runs, 0 hits, 0 errors, 0 left on base; Durham 5 - Salt Lake 2
TOP OF THE 7TH
Durham Bulls batting - Pitching for Salt Lake Bees : RHP Andrew Tipton
Pitching: RHP Eric Cunningham
Batting: RHB Sesto Carpini 0-0: Ball
1-0: Ball
2-0: Called Strike
2-1: Ball
3-1: Ground out U3 (Groundball, 34S, EV 70.6 MPH)
Batting: RHB Jose Arriola 0-0: Called Strike
0-1: Ball
1-1: Reached on error, E5 (Groundball, 56S, EV 86.2 MPH)
Batting: RHB Kevin Benfield 0-0: Called Strike
0-1: SINGLE (Groundball, 34D, EV 110.0 MPH)
Jose Arriola to second
Runner from 2nd tries for 3rd, SAFE, throw by RF made to third
Batting: RHB John Downing 0-0: Ball
1-0: Called Strike
1-1: Called Strike
1-2: Strikes out swinging
Batting: RHB Jonathan Fraire 0-0: Ball
1-0: Called Strike
1-1: Swinging Strike
1-2: Foul Ball, location: 2F
1-2: Foul Ball, location: 2F
1-2: Foul Ball, location: 2F
1-2: Ball
2-2: Foul Ball, location: 2F
2-2: Ball
3-2: SINGLE (Groundball, 56, EV 109.4 MPH) (infield hit)
Jose Arriola scores
Kevin Benfield to second
Batting: RHB Danny Diaz 0-0: Foul Ball, location: 2F
0-1: Ball
1-1: Ground out 4-3 (Groundball, 4MS, EV 79.4 MPH)
Top of the 7th over - 1 run, 2 hits, 1 error, 2 left on base; Durham 6 - Salt Lake 2
BOTTOM OF THE 7TH
Salt Lake Bees batting - Pitching for Durham Bulls : RHP Kyle Thomas
Pitching: LHP Sam Wesman
Batting: RHB Brandon Davis 0-0: DOUBLE (Groundball, 5L, EV 101.2 MPH)
Batting: RHB Josh Faulconer 0-0: Ball
1-0: Ball
2-0: Called Strike
2-1: SINGLE (Groundball, 56D, EV 95.0 MPH)
Brandon Davis to third
Runner from 3rd tries for Home, SAFE, throw by LF to home
Batting: RHB Juan Rosa 0-0: Foul Ball, location: 2F
0-1: Ball
1-1: Foul Ball, location: 2F
1-2: Foul Ball, location: 2F
1-2: Ball
2-2: Grounds into double play, 6-4-3 (Groundball, 6S, EV 86.9 MPH)
Pinch Hitting: RHB Kian-tat Chen 0-0: Ball
1-0: Ball
2-0: DOUBLE (Groundball, 5L, EV 106.2 MPH)
Batting: LHB Jonathon Walton 0-0: Ball
1-0: Fly out, F7 (Flyball, 78M, EV 86.2 MPH)
Bottom of the 7th over - 1 run, 3 hits, 0 errors, 1 left on base; Durham 6 - Salt Lake 3
TOP OF THE 8TH
Durham Bulls batting - Pitching for Salt Lake Bees : RHP Eric Cunningham
Pitching: RHP Joe Beam
Now in LF: Brandon Davis
Now in RF: Kian-tat Chen
Batting: LHB Davion Lewis 0-0: Called Strike
0-1: Called Strike
0-2: Strikes out swinging
Batting: RHB David Ward 0-0: Ball
1-0: Foul Ball, location: 2F
1-1: Foul Ball, location: 2F
1-2: Strikes out swinging
Batting: LHB Jake Rheaume 0-0: Ball
1-0: Ball
2-0: SINGLE (Groundball, P, EV 84.4 MPH) (infield hit)
Batting: RHB Sesto Carpini 0-0: Foul Ball, location: 2F
0-1: Swinging Strike
0-2: Ground out U3 (Groundball, 3L, EV 105.0 MPH)
Top of the 8th over - 0 runs, 1 hit, 0 errors, 1 left on base; Durham 6 - Salt Lake 3
BOTTOM OF THE 8TH
Salt Lake Bees batting - Pitching for Durham Bulls : LHP Sam Wesman
Batting: RHB Ryan Munro 0-0: Ball
1-0: Called Strike
1-1: Ground out 6-3 (Groundball, 6, EV 88.8 MPH)
Pinch Hitting: SHB Butch Brown 0-0: Ball
1-0: Ball
2-0: Foul Ball, location: 2F
2-1: Foul Ball, location: 2F
2-2: SINGLE (Groundball, 56S, EV 70.0 MPH) (infield hit)
Batting: LHB James McCauley 0-0: Ball
1-0: Ball
2-0: Swinging Strike
2-1: Ball
3-1: Foul Ball, location: 2F
3-2: SINGLE (Groundball, 4MD, EV 108.1 MPH)
Butch Brown to second
Butch Brown to third
Pitching: RHP Al Speer
Batting: RHB Melvin Gomez 0-0: Ball
1-0: Ball
2-0: Ball
3-0: Base on Balls
James McCauley to second
Batting: RHB Brandon Davis 0-0: Ball
1-0: SINGLE (Groundball, 6MD, EV 97.5 MPH)
Butch Brown scores
James McCauley to third
Melvin Gomez to second
Runner from 3rd tries for Home, SAFE, throw by CF to home
Batting: RHB Josh Faulconer 0-0: Ball
1-0: Ball
2-0: Ball
3-0: Called Strike
3-1: Ground out 5-3 (Groundball, 56S, EV 81.2 MPH)
Melvin Gomez to third
Brandon Davis to second
Batting: RHB Juan Rosa 0-0: Ball
1-0: Called Strike
1-1: Foul Ball, location: 2F
1-2: Foul Ball, location: 2F
1-2: Strikes out looking
Bottom of the 8th over - 2 runs, 3 hits, 0 errors, 2 left on base; Durham 6 - Salt Lake 5
TOP OF THE 9TH
Durham Bulls batting - Pitching for Salt Lake Bees : RHP Joe Beam
Pitching: LHP Nick Yarbrough
Now at 3B: Larry Prey
Batting: RHB Jose Arriola 0-0: Ball
1-0: Ball
2-0: Foul Ball, location: 2F
2-1: Ball
3-1: SOLO HOME RUN (Flyball, 78XD, EV 108.1 MPH), Distance : 410 ft
Batting: RHB Kevin Benfield 0-0: Swinging Strike
0-1: Swinging Strike
0-2: Ball
1-2: Foul Ball, location: 2F
1-2: Ball
2-2: Foul Ball, location: 2F
2-2: Ball
3-2: Ground out 4-3 (Groundball, 4S, EV 93.1 MPH)
Batting: RHB John Downing 0-0: SINGLE (Groundball, 56D, EV 103.8 MPH)
Batting: RHB Jonathan Fraire 0-0: Ball
1-0: Ball
2-0: Swinging Strike
2-1: Ball
3-1: Base on Balls
John Downing to second
Batting: RHB Danny Diaz 0-0: Called Strike
0-1: Swinging Strike
0-2: Foul Ball, location: 2F
0-2: SINGLE (Line Drive, 56D, EV 100.0 MPH)
John Downing to third
Jonathan Fraire to second
Runner from 3rd tries for Home, throw by LF and OUT! 7-2
Jonathan Fraire to third
Danny Diaz to second
Batting: LHB Davion Lewis 0-0: Called Strike
0-1: Foul Ball, location: 2F
0-2: Ground out U3 (Groundball, 23, EV 85.0 MPH)
Top of the 9th over - 1 run, 3 hits, 0 errors, 2 left on base; Durham 7 - Salt Lake 5
BOTTOM OF THE 9TH
Salt Lake Bees batting - Pitching for Durham Bulls : RHP Al Speer
Pitching: RHP Cody Wilharm
Batting: RHB Kian-tat Chen 0-0: Called Strike
0-1: Ball
1-1: Foul Ball, location: 2F
1-2: SINGLE (Groundball, 56D, EV 101.2 MPH) (infield hit)
Batting: LHB Jonathon Walton 0-0: Foul Ball, location: 2F
0-1: Ball
1-1: Swinging Strike
1-2: Ball
2-2: Ball
3-2: SINGLE (Line Drive, 78M, EV 104.4 MPH)
Kian-tat Chen to second
Batting: RHB Ryan Munro 0-0: Ball
1-0: Ball
2-0: Ball
3-0: Called Strike
3-1: Base on Balls
Kian-tat Chen to third
Jonathon Walton to second
Batting: LHB Larry Prey 0-0: Ball
1-0: Ground out 6-3 (Groundball, 4MS, EV 61.9 MPH)
Kian-tat Chen scores
Jonathon Walton to third
Ryan Munro to second
Batting: LHB James McCauley 0-0: Ball
1-0: DOUBLE (Line Drive, 9LM, EV 104.4 MPH)
Jonathon Walton scores
Ryan Munro scores
Bottom of the 9th over - 3 runs, 3 hits, 0 errors, 1 left on base; Durham 7 - Salt Lake 8
Tuesday, March 28th , 2023 - OOTP Baseball 23.10 Build 110